 Dungeon Sprint DCSS version 0.17-a0-129-g9432df0 (webtiles) character file.

100 Ololoev the Basher (level 4, -1/48 HPs)
             Began as an Ogre Berserker on Mar 24, 2015.
             Was a Follower of Trog.
             Slain by Sigmund
             ... wielding a +0 scythe
              (6 damage)
             ... in the Dungeon (Sprint I: "Red Sonja").
             The game lasted 00:01:03 (152 turns).

Ololoev the Basher (Ogre Berserker)                  Turns: 152, Time: 00:01:04

Health: -1/48      AC:  3    Str: 23    XL:     4   Next: 73%
Magic:  4/4        EV: 10    Int:  6    God:    Trog [*.....]
Gold:   0          SH:  0    Dex:  9    Spells: 0 memorised, 3 levels left

rFire  . . .     SeeInvis .     j - +0 giant spiked club
rCold  . . .     Clarity  .     b - +0 animal skin
rNeg   . . .     SustAb   .     (shield restricted)
rPois  .         Gourm    .     (helmet restricted)
rElec  .         Spirit   .     (no cloak)
rCorr  .         Warding  .     (gloves unavailable)
rMut   .         NoTele   +     (boots unavailable)
MR     .....                    (no amulet)
Stlth  +.........               (no ring)
                                (no ring)

@: exhausted, very slightly contaminated, hasted, very quick, not resistant to
hostile enchantments, very unstealthy
A: unfitting armour, tough skin 1
a: Burn Spellbooks, Berserk, Renounce Religion


You were in the Dungeon.
You worshipped Trog.
Trog was aware of your devotion.
You were hungry.

You visited 1 branch

Notes
Turn   | Place    | Note
--------------------------------------------------------------
     0 | D        | Ololoev, the Ogre Berserker, began the quest for the Orb.
     0 | D        | Reached XP level 1. HP: 24/24 MP: 1/1
     1 | D        | Noticed Ijyb
     6 | D        | Killed Ijyb
     6 | D        | Reached skill level 6 in Maces & Flails
     6 | D        | Reached XP level 2. HP: 32/32 MP: 2/2
    51 | D        | Noticed an ogre
    57 | D        | Killed an ogre
    57 | D        | Reached skill level 10 in Maces & Flails
    57 | D        | Reached skill level 5 in Throwing
    57 | D        | Reached XP level 3. HP: 39/39 MP: 3/3
    57 | D        | Reached XP level 4. HP: 48/48 MP: 4/4
   136 | D        | Noticed Sigmund
   146 | D        | HP: 1/48 [Sigmund/scythe (4)]
   152 | D        | Slain by Sigmund

Inventory:

Hand weapons
 j - a +0 giant spiked club (weapon)
Armour
 b - a +0 animal skin (worn)
Scrolls
 i - a scroll of blinking
Potions
 d - 2 potions of curing
 g - 2 potions of magic
 h - a potion of berserk rage
Comestibles
 c - a meat ration

Table legend:
 A = Turns spent in this place as a percentage of turns spent in the entire game.
 B = Non-inter-level travel turns spent in this place as a percentage of non-inter-level travel turns spent in the entire game.
 C = Inter-level travel turns spent in this place as a percentage of turns spent in this place.
 D = Turns resting spent in this place as a percentage of non-inter-level travel turns spent in this place.
 E = Turns spent auto-exploring this place as a percentage of non-inter-level travel turns spent in this place.
 F = Non-inter-level travel turns spent in this place divided by the number of levels of this place that you've seen.
                   A       B       C       D       E      F
               +-------+-------+-------+-------+-------+----------------------
         Total | 100.0 | 100.0 |   0.0 |  20.8 |   0.0 |  53.0
       Dungeon | 100.0 | 100.0 |   0.0 |  20.8 |   0.0 |  53.0
               +-------+-------+-------+-------+-------+----------------------


   Skills:
 - Level 4.0 Fighting
 * Level 10.3 Maces & Flails
 + Level 5.3 Throwing
 - Level 1.5 Armour
 - Level 1.7 Dodging


You had 3 spell levels left.
You didn't know any spells.

Dungeon Overview and Level Annotations

Branches:
Dungeon (1/1)

Altars:

Annotations:
D Sigmund


Innate Abilities, Weirdness & Mutations

You are too large for most types of armour.
You have tough skin (AC +1).


Message History

You are exhausted.
You feel yourself slow down.
You are feeling hungry.
There is an open door here.
You swing at nothing.
Sigmund casts a spell at you. The puff of flame hits you!
Sigmund closely misses you.
You closely miss Sigmund. Sigmund casts a spell at you.
You resist with some effort. Sigmund gestures at you while chanting.
The puff of flame hits you!
You swing at nothing.
You feel less confused.
Sigmund points at you and mumbles some strange words.
The puff of flame hits you! Sigmund hits you with a scythe!
You barely miss Sigmund. Sigmund hits you with a scythe.
You completely miss Sigmund. Sigmund closely misses you.
You barely miss Sigmund. Sigmund hits you with a scythe.
Unknown command.
You completely miss Sigmund. Sigmund hits you with a scythe!
Sigmund hits you with a scythe.
Drink which item? (? for menu, Esc to quit)
You feel much better. Sigmund gestures at you while chanting.
You are confused.
Drink which item? (? for menu, Esc to quit)
You feel yourself speed up. Sigmund hits you with a scythe.
You are very lightly contaminated with residual magic.
You barely miss Sigmund. Sigmund hits you with a scythe!
You barely miss Sigmund. Sigmund hits you with a scythe.
You hit Sigmund!!
Sigmund is almost dead.
Sigmund mumbles some strange words.
Sigmund flickers and vanishes!
Deactivating autopickup; reactivate with Ctrl-A.
You swing at nothing.
You feel less confused.
You feel yourself speed up. Something hits you.
You die...

#############
#<.#..)..#..+
#..'..#..@{.#
#..#####+####
#..# #..#
#..# #⌠⌠#
####


There were no monsters in sight!

Table legend:
 A = Kills in this place as a percentage of kills in entire the game.
 B = Kills by you in this place as a percentage of kills by you in the entire game.
 C = Kills by friends in this place as a percentage of kills by friends in the entire game.
 D = Other kills in this place as a percentage of other kills in the entire game.
 E = Experience gained in this place as a percentage of experience gained in the entire game.
 F = Experience gained in this place divided by the number of levels of this place that you have seen.
                   A       B       C       D       E      F
               +-------+-------+-------+-------+-------+----------------------
         Total | 100.0 | 100.0 |  -nan |  -nan | 100.0 | 143.0
       Dungeon | 100.0 | 100.0 |  -nan |  -nan | 100.0 | 143.0
               +-------+-------+-------+-------+-------+----------------------

Vanquished Creatures
  An ogre (D)
  Ijyb (D)
2 creatures vanquished.

Action                   |  1- 3 |  4- 6 || total
-------------------------+-------+-------++-------
Melee: Mace              |     9 |       ||     9
       Giant spiked club |       |     8 ||     8
Invok: Berserk           |     2 |     1 ||     3
  Use: Potion            |       |     2 ||     2

Vault maps used:
D:        dungeon_sprint_1
